Map: [TLMC14] Pillars of Gold

Players

liquidthermy - Winner!

  • Race: Terran Terran
  • Spawn Location: 1:00

LiquidMaNa

  • Race: Protoss Protoss
  • Spawn Location: 7:00

VOD

Have the link to the VOD?

Description

Time

  • Played on: Feb. 14, 2020, 1:51 p.m.
  • Length: 4:46
Show
View Real Time Build Order
Export as new Build Order

liquidthermy Terran - Winner!

Build Orders:  

Get SALT Encoding   

  12  0:01  SCV  
  13  0:13  SCV  
  14  0:17  Supply Depot  
  14  0:25  SCV  
  15  0:39  Barracks, SCV  
  16  0:44  Refinery  
  16  0:51  SCV  
  17  1:03  SCV  
  18  1:15  SCV  
  19  1:27  Marine  
  19  1:28  Orbital Command  
  20  1:44  Command Center  
  21  1:54  SCV  
  21  1:59  Factory  
  21  2:04  Barracks Reactor  
  21  2:06  SCV  
  22  2:11  Supply Depot  
  22  2:18  SCV  
  22  2:21  Refinery  
  23  2:33  SCV  
  24  2:44  Starport  
  24  2:45  SCV  
  24  2:49  Hellion x2  
  29  2:56  Orbital Command  
  29  2:57  SCV  
  30  3:10  Hellion x2  
  34  3:13  SCV  
  34  3:17  Barracks Tech Lab  
  35  3:20  Medivac  
  35  3:23  SCV  
  35  3:25  SCV  
  39  3:32  Supply Depot  
  39  3:35  SCV  
  39  3:37  SCV  
  41  3:42  Cyclone  
  41  3:45  Marine x2  
  46  3:52  Starport Tech Lab  
  46  3:54  SCV  
  46  3:55  SCV  
  48  3:56  Supply Depot  
  48  4:03  Marine x2  
  48  4:06  SCV  
  48  4:07  SCV  
  53  4:18  SCV  
  53  4:19  SCV  
  53  4:20  Marine  
  56  4:27  Command Center  
  56  4:30  SCV  
  59  4:31  SCV  
Show
View Real Time Build Order
Export as new Build Order

LiquidMaNa Protoss 

Build Orders:  

Get SALT Encoding   

  12  0:00  Probe  
  13  0:12  Probe  
  14  0:19  Pylon  
  14  0:24  Probe  
  15  0:37  Probe (Chrono Boost)  
  15  0:39  Gateway  
  16  0:46  Probe (Chrono Boost)  
  16  0:48  Assimilator  
  17  0:51  Probe (Chrono Boost)  
  18  1:03  Probe (Chrono Boost)  
  19  1:14  Probe (Chrono Boost)  
  20  1:18  Probe (Chrono Boost)  
  21  1:26  Cybernetics Core  
  21  1:39  Nexus  
  21  1:48  Pylon  
  21  1:50  Assimilator  
  21  1:53  Probe  
  22  2:03  Adept (Chrono Boost)  
  22  2:05  Probe  
  25  2:17  Probe  
  25  2:20  Stargate  
  26  2:26  Adept  
  29  2:30  Probe  
  29  2:34  Warp Gate  
  30  2:44  Probe (Chrono Boost)  
  30  2:52  Probe (Chrono Boost)  
  30  2:58  Adept  
  34  3:00  Probe (Chrono Boost)  
  34  3:01  Probe (Chrono Boost)  
  34  3:02  Oracle (Chrono Boost)  
  38  3:06  Probe (Chrono Boost)  
  38  3:07  Probe  
  40  3:18  Probe  
  40  3:19  Probe  
  42  3:24  Gateway  
  42  3:28  Gateway  
  42  3:30  Probe  
  42  3:33  Probe  
  44  3:38  Pylon  
  44  3:42  Probe  
  44  3:45  Probe  
  46  3:51  Pylon  
  46  3:56  Probe  
  46  3:57  Probe  
  41  4:14  Nexus  
  41  4:15  Probe x2  
  35  4:29  Stalker  
Tags
 

No tags found.

Add a new tag
Caveats
  • Supply blocks, unpowered buildings, or Contaminate may cause inaccurate times.
  • Supply counts are checked every 10 seconds.